AoeStats
← Merouane

Arabia

508738338Analyzed
2v2 RM · 8d ago on Sep 23, 2026· 48m 33s· 4 players
Game mode
Random Map
Map size
Medium (4 player)
Population
200
Speed
Normal
Resources
Standard
Victory
Conquest
Starting age
Dark Age
Ending age
Imperial Age
RankedLock teamsTeams togetherTeam positionsShared explorationLock speedFull tech treeHidden civsTurbo modeCheats
Victory
Defeat
🇮🇪 Spanish · Ireland
440
+9
🇨🇱 Franks · Chile
391
+10
🇫🇷 Persians · France
292
-10
🇫🇷 Chinese · France
263
-9
jeanpierrerodriguezp
9:34 Loom
13:43 Feudal Age
16:04 Wheelbarrow
15:42 Double-Bit Axe
17:24 Gold Mining
24:38 Castle Age
23:15 Stone Mining
23:48 Town Watch
26:53 Hand Cart
27:07 Light Cavalry
28:01 Forging
32:23 Town Patrol
35:59 Husbandry
42:27 Scale Barding Armor
42:24 Padded Archer Armor
pedrogragui
9:43 Loom
12:07 Feudal Age
13:25 Wheelbarrow
12:35 Horse Collar
12:42 Double-Bit Axe
20:52 Scale Barding Armor
20:59 Bloodlines
23:05 Castle Age
20:53 Man-at-Arms
23:33 Light Cavalry
24:57 Hand Cart
27:57 Coinage
33:32 Husbandry
34:06 Chain Barding Armor
33:57 Forging
37:34 Iron Casting
37:00 Scale Mail Armor
42:17 Imperial Age
42:05 Coinage
41:36 Caravan
44:27 Town Watch
46:50 Chemistry
46:11 Ballistics
46:02 Masonry
45:48 Murder Holes
45:44 Guard Tower
Kiwi-
0:27 Loom
13:30 Feudal Age
15:57 Wheelbarrow
15:07 Horse Collar
15:15 Double-Bit Axe
20:34 Stone Mining
20:36 Gold Mining
23:23 Town Watch
24:50 Bloodlines
26:43 Castle Age
25:19 Scale Barding Armor
25:14 Scale Mail Armor
27:56 Bow Saw
27:52 Heavy Plow
29:07 Husbandry
30:15 Hand Cart
31:46 Caravan
32:00 Light Cavalry
34:27 Stone Shaft Mining
37:00 Gold Shaft Mining
38:26 Fortified Wall
38:27 Masonry
38:03 Pikeman
38:44 Squires
38:29 Arson
40:03 Town Patrol
43:16 Chain Barding Armor
43:12 Chain Mail Armor
43:08 Forging
43:02 Great Wall
43:29 Ballistics
43:05 Murder Holes
45:02 Padded Archer Armor
44:53 Fletching
Merouane
1:29 Loom
14:24 Feudal Age
15:16 Horse Collar
15:26 Double-Bit Axe
15:36 Gold Mining
15:37 Stone Mining
16:34 Wheelbarrow
24:34 Castle Age
25:12 Town Watch
25:43 Hand Cart
26:13 Squires
26:01 Arson
29:40 Stone Shaft Mining
29:41 Gold Shaft Mining
29:10 Heavy Plow
28:51 Pikeman
30:27 Man-at-Arms
30:53 Gambesons
32:12 Bow Saw
32:21 Long Swordsman
Connection lost

Rejoining the realm…

Still unreachable

The connection could not be restored.

Session expired

The server has moved on; the page needs a fresh start.